cohdb
Replays
Latest Replays
All Replays
Popular Replays
Top Player Replays
Match Explorer
How It Works
Community
CoH3 Stats
Reddit
Sign in to upload your games and track your stats! →
Sign in with Steam
Match 42165371
Unlisted
Match 42165371
Overview
Messages
Build Orders
End
Royal Engineer Section
Construct Section Command Post
Dingo Light Scout Car
Vickers Machine Gun Team
Infantry Section
Selects Canadian Shock Battlegroup
Selects Canadian Shock Battlegroup
Selects Attacking Spirit
Selects Canadian Shock Section
Infantry Section
Canadian Shock Section
Construct Platoon Command Post
Selects Incendiary Munitions
Construct Company Command Post
Selects Pyrotechnics
Foot Guards Section
Matilda II Heavy Tank
Foot Guards Section
Selects Smoke Operation
Jar
thehitman0
KanKubilai
[82AD] PaulVmax
Wald
xaiex
0
0
Comments
sign in to comment!
No comments posted yet!